 Dungeon Crawl Stone Soup version 0.31-a0-983-g7b6862f502 (webtiles) character file.

Game seed: 15385572015091355286

35 Zonian the Conjurer (level 3, -1/19 HPs)
             Began as a Deep Elf Conjurer on Nov 3, 2023.
             Slain by a cerulean imp
             ... wielding a +0 spear
             ... summoned by Natasha
              (3 damage)
             ... on level 2 of the Dungeon.
             The game lasted 00:03:08 (2310 turns).

Zonian the Conjurer (Deep Elf Conjurer)             Turns: 2310, Time: 00:03:09

Health: -1/19      AC:  3    Str:  4    XL:     3   Next: 17%
Magic:  1/10       EV: 13    Int: 24    God:
Gold:   58         SH:  0    Dex: 13    Spells: 6/9 levels left

rFire   . . .        (no weapon)
rCold   . . .        (no shield)
rNeg    + . .        a - +0 robe
rPois   .            d - +0 helmet
rElec   .            (no cloak)
rCorr   .            (no gloves)
SInv    .            (no boots)
Will    .....        (no amulet)
Stlth   ++           g - ring of positive energy
HPRegen 0.23/turn    (no ring)
MPRegen 0.12/turn

%: no passive effects
@: slowed, very slow
A: no striking features
a: no special abilities


You were on level 2 of the Dungeon.
You visited 1 branch of the dungeon, and saw 2 of its levels.

You collected 58 gold pieces.

Inventory:

Hand Weapons
 f - a +0 dagger
Armour
 a - a +0 robe (worn)
 d - a +0 helmet (worn)
Jewellery
 g - a ring of positive energy (left hand)
Scrolls
 c - 2 scrolls of revelation
 e - a scroll of identify
Potions
 b - a potion of magic
 h - a potion of berserk rage


   Skills:
 + Level 3.1 Dodging
 - Level 2.8 Stealth
 + Level 3.7 Spellcasting
 + Level 4.7 Conjurations


You had 6 spell levels left.
You knew the following spells:

 Your Spells              Type           Power      Damage    Failure   Level
a - Magic Dart            Conj           100%       1d8       1%          1
b - Searing Ray           Conj           54%        2d6       2%          2

Your spell library contained the following spells:

 Spells                   Type           Power      Damage    Failure   Level
 Dazzling Flash           Conj/Hex       30%        N/A       12%         3
 Fulminant Prism          Conj/Hex       7%         3d6       36%         4
 Iskenderun's Mystic Bla  Conj/Tloc      15%        2d5       36%         4


Dungeon Overview and Level Annotations

Branches:
Dungeon (2/15)

Altars:

Annotations:
D:2 Natasha, Sigmund


Message History

The cerulean imp disappears in a puff of smoke!
Natasha mumbles some strange words.
The magic dart hits Natasha.
Natasha is heavily wounded.
The cerulean imp closely misses you.
Natasha casts a spell.
The magic dart hits Natasha but does no damage.
Natasha is heavily wounded.
The cerulean imp hits you from afar with a +0 spear.
Natasha closely misses you.
The cerulean imp hits you from afar with a +0 spear.
Unknown command.
Casting: Magic Dart (safe; 1% risk of failure)
Confirm with . or Enter, or press ? or * to list all spells.
Aiming: Magic Dart (safe; 1% risk of failure)
Press: ? - help, Shift-Dir - straight line, f/p - Natasha
Aim: Natasha (heavily wounded, 100% to hit)
The magic dart hits Natasha.
Natasha is almost dead.
Natasha mumbles some strange words.
The cerulean imp hits you from afar with a +0 spear.
The cerulean imp barely misses you.
Natasha stares at you and mumbles some strange words.
The magic dart hits you.
The cerulean imp hits you from afar with a +0 spear.
* * * LOW HITPOINT WARNING * * *
Unknown command.
Casting: Magic Dart (safe; 1% risk of failure)
Confirm with . or Enter, or press ? or * to list all spells.
Aiming: Magic Dart (safe; 1% risk of failure)
Press: ? - help, Shift-Dir - straight line, f/p - Natasha
Aim: Natasha (severely wounded, 100% to hit)
The magic dart hits Natasha.
Natasha is almost dead.
The cerulean imp barely misses you. Natasha claws you.
* * * LOW HITPOINT WARNING * * *
The cerulean imp hits you from afar with a +0 spear.
* * * LOW HITPOINT WARNING * * *
The cerulean imp hits you from afar with a +0 spear.
You die...

#.####...... #.#
#...... ##'#
#...... ###....
#...... . .......
#.....<
..######.....).
#......
.........5.....
#......
#.....5....#
#......
#...@h5....#
#......
#......###.#
#.....# #......#
#.####.#####
#......# #.##†..#
#......###....###
#........#..###
#.....##).>##
############


You could see Natasha and 3 cerulean imps.

Vanquished Creatures
  A worm (D:2)
  2 ball pythons
  2 bats (D:2)
  7 endoplasms (D:1)
  4 goblins
  2 hobgoblins
  2 jackals (D:2)
  A quokka (D:1)
  2 frilled lizards (D:1)
  6 rats
29 creatures vanquished.

Notes
Turn   | Place    | Note
-------+----------+-------------------------------------------
     0 | D:1      | Zonian the Deep Elf Conjurer began the quest for the Orb.
     0 | D:1      | Reached XP level 1. HP: 10/10 MP: 6/6
   361 | D:1      | You fall into a shaft and drop 1 floor!
   390 | D:1      | Reached XP level 2. HP: 15/15 MP: 6/8
   918 | D:2      | Noticed Sigmund
  1158 | D:2      | Noticed Natasha
  1559 | D:2      | Reached XP level 3. HP: 19/19 MP: 6/10
  1562 | D:2      | Learned a level 2 spell: Searing Ray
  2310 | D:2      | Slain by a cerulean imp

Illustrated notes

Levels and vault maps discovered:
D:1:      heliophobic_arrival_ceremonial_halls, layout_loops_ring,
          serial_bayou_ford_a
D:2:      layout_basic, minmay_fractal_squares_gapless_5, uniq_natasha,
          uniq_sigmund, uniq_terence

Skill      XL: |  1  2 |
---------------+-------+-----
Dodging        | 3 |  3.1
Stealth        | |  2.8
Spellcasting   | |  3.7
Conjurations   | |  4.7

Action                     || total
---------------------------++-------
   Cast: Magic Dart        ||    64
    Use: Scroll            ||     2
 Armour: Robe              ||    12
  Dodge: Dodged            ||     6

Table legend: (Time is in decaauts)
 A = Elapsed time spent in this place.
 B = Non-inter-level travel time spent in this place.
 C = Inter-level travel time spent in this place.
 D = Time resting spent in this place.
 E = Time spent auto-exploring this place.
 F = Levels seen in this place.
 G = Mean time per level.
                   A        B        C        D        E       F      G
               +--------+--------+--------+--------+--------+-----+--------+
         Total |   2329 |   2250 |     79 |   1177 |    792 |   2 | 1164.5 |
       Dungeon |   2329 |   2250 |     79 |   1177 |    792 |   2 | 1164.5 |
               +--------+--------+--------+--------+--------+-----+--------+

Top non-repeatable levels by time:
     D:1: 1687 daAuts
     D:2: 641 daAuts
